cohdb
Replays
Latest Replays
All Replays
Popular Replays
Top Player Replays
Match Explorer
How It Works
Community
CoH3 Stats
Reddit
Sign in to upload your games and track your stats! →
Sign in with Steam
Match 43555706
Unlisted
Match 43555706
Overview
Messages
Build Orders
End
Construct Barracks
Riflemen Squad
Riflemen Squad
Riflemen Squad
Mechanized Support Center
Riflemen Squad
Selects Advanced Infantry Battlegroup
Selects Convert to Ranger Squad
Convert to Ranger Squad
Construct Motor Pool
Selects Designate Assault Position
M8 Greyhound Armored Car
REDFORCE
ConcernedApe
Zmay
Leiarde
0
0
Comments
sign in to comment!
No comments posted yet!